 Dungeon Crawl Stone Soup version 0.30-a0-782-ge64f9170bb (webtiles) character file.

Game seed: 15019468422381824774

1108 Drevant2 the Sneak (level 8, -7/38 HPs)
             Began as a Vine Stalker Brigand on Feb 18, 2023.
             Was a Priest of Lugonu.
             Mangled by a gnoll
             ... wielding a +0 halberd
             ... led by a gnoll bouda
              (8 damage)
             ... on level 6 of the Dungeon.
             The game lasted 00:08:34 (4999 turns).

Drevant2 the Sneak (Vine Stalker Brigand)           Turns: 4999, Time: 00:08:34

Health: -7/38      AC:  5    Str: 15    XL:     8   Next: 33%
Magic:  0/9        EV: 11    Int: 11    God:    Lugonu [***...]
Gold:   426        SH:  0    Dex: 17    Spells: 7/7 levels left

rFire   x . .      SeeInvis +    x - +11 hammer of the Modern God {heavy, Fly rElec rF- SInv}
rCold   + . .      Faith    .    (no shield)
rNeg    . . .      Spirit   +    u - +1 leather armour {rC+}
rPois   .          Reflect  .    (no helmet)
rElec   +          Harm     .    c - +0 cloak
rCorr   .          Rampage  .    (no gloves)
Will    +....                    (no boots)
Stlth   +++                      (no amulet)
HPRegen 1.06/turn                (no ring)
MPRegen 0.11/turn                (no ring)

@: flying
A: fangs 3, regeneration 1, magic shield, antimagic bite, no potion heal 2
a: Renounce Religion, Depart the Abyss, Banish


You were on level 6 of the Dungeon.
You worshipped Lugonu.
Lugonu was most pleased with you.
You visited 1 branch of the dungeon, and saw 6 of its levels.
You also visited: Sewer.

You collected 426 gold pieces.

Inventory:

Hand Weapons
 a - a +2 dagger
 x - the +11 hammer of the Modern God (weapon) {heavy, Fly rElec rF- SInv}
   (You found it on level 4 of the Dungeon)

   rF:        It makes you vulnerable to fire.
   rElec:     It insulates you from electricity.
   SInv:      It lets you see invisible.
   Fly:       It grants you flight.
Missiles
 d - 17 poisoned darts (quivered)
 e - 7 curare-tipped darts
Armour
 b - a +0 robe
 c - a +0 cloak (worn)
 u - a +1 leather armour of cold resistance (worn)
Wands
 A - a wand of polymorph (4)
 B - a wand of flame (19)
Scrolls
 f - 5 scrolls of identify {unknown}
 g - 3 scrolls of vulnerability {unknown}
 i - a scroll of teleportation {unknown}
 j - 2 scrolls of blinking {unknown}
 k - a scroll of poison {unknown}
 n - a scroll of noise {unknown}
 t - a scroll of fear {unknown}
 y - a scroll of enchant weapon {unknown}
 z - a scroll of enchant armour {unknown}
Potions
 h - 4 potions of curing {unknown}
 l - 5 potions of heal wounds {unknown}
 m - 2 potions of lignification {unknown}
 o - 2 potions of cancellation {unknown}
 p - a potion of degeneration {unknown}
 q - a potion of magic {unknown}
 r - a potion of resistance {unknown}
 s - a potion of haste {unknown}
 v - a potion of attraction {unknown}
 w - a potion of flight {unknown}


   Skills:
 - Level 1.7 Fighting
 - Level 4.9 Short Blades
 * Level 5.6 Maces & Flails
 - Level 4.0 Throwing
 - Level 0.7 Dodging
 - Level 6.2 Stealth


You had 7 spell levels left.
You didn't know any spells.
Your spell library was empty.

Dungeon Overview and Level Annotations

Branches:
Dungeon (6/15)             Temple (0/1) D:5           Sewer (visited)

Altars:
Lugonu


Innate Abilities, Weirdness & Mutations

You have razor-sharp teeth.
Your natural rate of healing is unusually fast.
When hurt, damage is shared between your health and your magic reserves.
Your bite disrupts and absorbs the magic of your enemies.
Potions cannot restore your health.


Message History

The gnoll is no longer moving quickly.
You bludgeon the gnoll!!
You kill the gnoll!
Lugonu accepts your kill. The gnoll barely misses you.
The gnoll is no longer moving quickly.
The gnoll barely misses you. The gnoll closely misses you.
Things that are here:
a +0 club; a gnoll corpse You sock the gnoll!
The gnoll is almost dead.
The gnoll hits you with a +0 spear. The gnoll closely misses you.
The gnoll barely misses you.
You bludgeon the gnoll!!
You kill the gnoll!
Lugonu accepts your kill. The gnoll barely misses you.
The gnoll hits you from afar with a +0 halberd!
The gnoll hits you from afar with a +0 halberd.
* * * LOW HITPOINT WARNING * * *
The gnoll barely misses you.
Items here: $ )) [.
You barely miss the gnoll. Your bite misses the gnoll.
The gnoll hits you from afar with a +0 halberd.
* * * LOW HITPOINT WARNING * * *
The gnoll barely misses you. The gnoll closely misses you.
The gnoll hits you but does no damage.
You closely miss the gnoll. You bite the gnoll. You drain its power.
You feel invigorated.
The gnoll is lightly wounded.
The gnoll hits you from afar with a +0 halberd!
* * * LOW HITPOINT WARNING * * *
The gnoll hits you with a +0 halberd!
* * * LOW HITPOINT WARNING * * *
You sock the gnoll!
The gnoll is almost dead.
The gnoll misses you. The gnoll hits you with a +0 halberd!
* * * LOW HITPOINT WARNING * * *
The gnoll barely misses you. The gnoll hits you with a +0 halberd!
You die...

#...###..###..##
#..###....###...
#..##......##.##
#.........)...##
#.##########...# # #.###
##..... #.. #.#.##
##..<...
.....#####....####.......
......gg@).......+.......
......####....####.......
..... #.#.## ##......
...g #.### ##..... #..
#.# ##...# ## #.# ##'##
#.# #.# ### #.# ##.##


You could see 2 gnolls.

Vanquished Creatures
  Edmund (D:5)
  Pargi (Sewer)
  A black bear (D:6)
  An ice beast (D:5)
  A kobold brigand (D:6)
  2 phantoms
  Blork the orc (D:5)
  A scorpion (D:5)
  A gnoll bouda (D:6)
  A jelly (D:5)
  Crazy Yiuf (D:4)
  2 iguanas
  2 gnolls (D:6)
  9 adders
  A shadow imp (D:5)
  A white imp (D:6)
  3 worms (D:3)
  A dart slug (D:1)
  6 orcs
  4 bats
  4 endoplasms
  7 giant cockroaches
  6 goblins
  5 hobgoblins
  17 jackals
  10 kobolds
  4 quokkas
  5 ball pythons
  5 frilled lizards
  4 rats
108 creatures vanquished.

Notes
Turn   | Place    | Note
-------+----------+-------------------------------------------
     0 | D:1      | Drevant2 the Vine Stalker Brigand began the quest for the
                  | Orb.
     0 | D:1      | Reached XP level 1. HP: 11/11 MP: 2/2
   140 | D:1      | Reached skill level 5 in Stealth
   221 | D:1      | Reached XP level 2. HP: 15/15 MP: 3/3
   599 | D:1      | Found a faded altar of an unknown god.
   618 | D:1      | Prayed at the altar of an unknown god.
   618 | D:1      | Became a worshipper of Lugonu the Unformed
   618 | D:1      | Reached * piety under Lugonu
   703 | D:1      | Reached XP level 3. HP: 18/18 MP: 4/4
  1633 | D:2      | Gained mutation: Your natural rate of healing is unusually
                  | fast. [Vine Stalker growth]
  1633 | D:2      | Reached XP level 4. HP: 23/23 MP: 5/5
  2009 | D:3      | Found a glowing drain.
  2013 | Sewer    | Entered a sewer
  2058 | Sewer    | Noticed Pargi
  2063 | Sewer    | Killed Pargi
  2064 | Sewer    | Reached skill level 6 in Stealth
  2064 | Sewer    | Reached XP level 5. HP: 21/26 MP: 6/6
  2126 | Sewer    | Reached ** piety under Lugonu
  3094 | D:4      | Reached XP level 6. HP: 30/30 MP: 7/7
  3183 | D:4      | Found a runed translucent door.
  3184 | D:4      | Noticed Crazy Yiuf
  3721 | D:4      | Killed Crazy Yiuf
  3726 | D:4      | Identified the +11 hammer of the Modern God {heavy, Fly
                  | rElec rF- SInv}
  3773 | D:5      | Entered Level 5 of the Dungeon
  3773 | D:5      | Noticed Blork the orc
  3777 | D:5      | Killed Blork the orc
  3778 | D:5      | Reached skill level 1 in Maces & Flails
  3799 | D:5      | Noticed an ice beast
  3807 | D:5      | Killed an ice beast
  3808 | D:5      | Reached XP level 7. HP: 33/34 MP: 6/8
  3860 | D:5      | Found a staircase to the Ecumenical Temple.
  3948 | D:5      | Reached *** piety under Lugonu
  4148 | D:5      | Noticed Edmund
  4207 | D:5      | Killed Edmund
  4683 | D:6      | Gained mutation: You have razor-sharp teeth. [Vine Stalker
                  | growth]
  4683 | D:6      | Reached XP level 8. HP: 27/38 MP: 4/9
  4762 | D:6      | Noticed a two-headed ogre
  4854 | D:6      | Reached skill level 5 in Maces & Flails
  4999 | D:6      | HP: 1/38 [gnoll/+0 halberd[a gnoll bouda] (6)]
  4999 | D:6      | Mangled by a gnoll

Illustrated notes

Levels and vault maps discovered:
D:1:      tarquinn_simple_flora_water_b, layout_loops_cross,
          hellmonk_ecumenical_altar_run_dry, chequers_serial_rivers_large_a,
          minivault_27, grunt_decor_arrowhead
D:2:      layout_loops_corners, serial_glass, glass_columns_a, glass_columns_c,
          grunt_decor_fettered, fountainhead
D:3:      layout_loops_corners, gup_sewer_entry_bowl,
          minmay_misc_feat_more_columns
D:4:      layout_loops_ring, uniq_crazy_yiuf_cottage
D:5:      layout_basic, minmay_temple_entry_tees, uniq_edmund,
          uniq_blork_the_orc
D:6:      layout_loops_corners, lemuel_coloured_pillars_altar,
          mainiacjoe_overflow_large_starburst, minmay_misc_feat_rows,
          minmay_liquid_box, minivault_19

Skill      XL: |  1  2  3  4  5  6  7  8 |
---------------+-------------------------+-----
Short Blades   | 2 3 4 |  4.9
Stealth        | 5 6 |  6.2
Throwing       | 2 4 |  4.0
Maces & Flails | 2 4 5 |  5.6
Fighting       | |  1.7
Dodging        | |  0.7

Action                     |  1- 3 |  4- 6 |  7- 9 || total
---------------------------+-------+-------+-------++-------
  Melee: Dagger            |    85 |   160 |       ||   245
         Bite              |    23 |    46 |    16 ||    85
         Punch             |     2 |     3 |     1 ||     6
         Mace              |       |     8 |    64 ||    72
   Stab: Sleeping          |    12 |    12 |     6 ||    30
         Distracted        |       |     1 |       ||     1
 Armour: Robe              |    11 |    26 |       ||    37
         Leather armour    |       |     9 |    19 ||    28
  Dodge: Dodged            |    35 |    73 |    64 ||   172

Table legend: (Time is in decaauts)
 A = Elapsed time spent in this place.
 B = Non-inter-level travel time spent in this place.
 C = Inter-level travel time spent in this place.
 D = Time resting spent in this place.
 E = Time spent auto-exploring this place.
 F = Levels seen in this place.
 G = Mean time per level.
                   A        B        C        D        E       F      G
               +--------+--------+--------+--------+--------+-----+--------+
         Total |   5033 |   4791 |    242 |    242 |   3578 |   7 |  719.0 |
       Dungeon |   4895 |   4653 |    242 |    242 |   3578 |   6 |  815.8 |
         Sewer |    137 |    137 |      0 |      0 |      0 |   1 |  137.0 |
               +--------+--------+--------+--------+--------+-----+--------+

Top non-repeatable levels by time:
     D:2: 999 daAuts
     D:3: 954 daAuts
     D:5: 919 daAuts
     D:1: 907 daAuts
     D:4: 750 daAuts
     D:6: 365 daAuts
   Sewer: 137 daAuts
